MLB
SEATTLE MARINERS @ TEXAS RANGERS
09/01/2019
 
TOP OF THE 1ST
Seattle Mariners batting - Pitching for Texas Rangers : LHP Jose Quintana
Pitching: LHP Jose Quintana
Batting: LHB Brandon Nimmo 0-0: Ball
1-0: Bunt for hit to 25 - play at first, batter OUT! 5-3
Batting: SHB Anthony Santander 0-0: Ball
1-0: Ball
2-0: SINGLE (Flyball, 78M, EV 86.9 MPH)
Batting: RHB Manny Machado 0-0: Ball
1-0: DOUBLE (Groundball, 5L, EV 99.4 MPH)
Anthony Santander to third
Batting: RHB Brian Dozier 0-0: Ball
1-0: Ball
2-0: Called Strike
2-1: Swinging Strike
2-2: Ball
3-2: Strikes out swinging
Batting: RHB Willians Astudillo 0-0: Swinging Strike
0-1: Ball
1-1: Ball
2-1: Foul Ball, location: 2F
2-2: Foul Ball, location: 2F
2-2: Foul Ball, location: 2F
2-2: Ball
3-2: Base on Balls
Batting: RHB Matt Kemp 0-0: Ball
1-0: Swinging Strike
1-1: SINGLE (Groundball, 6MD, EV 94.4 MPH)
Anthony Santander scores
Manny Machado to third
Willians Astudillo to second
Batting: LHB Rowdy Tellez 0-0: Called Strike
0-1: Swinging Strike
0-2: Strikes out looking
Top of the 1st over - 1 run, 3 hits, 0 errors, 3 left on base; Seattle 1 - Texas 0
BOTTOM OF THE 1ST
Texas Rangers batting - Pitching for Seattle Mariners : LHP Sean Manaea
Pitching: LHP Sean Manaea
Batting: LHB Ender Inciarte 0-0: Fly out, F9 (Flyball, 9S, EV 87.5 MPH)
Batting: SHB Cesar Hernandez 0-0: Called Strike
0-1: Foul Ball, location: 2F
0-2: Ball
1-2: Foul Ball, location: 2F
1-2: Ball
2-2: SINGLE (Groundball, 4MD, EV 105.0 MPH)
Batting: LHB Bryce Harper 0-0: Ball
1-0: Fly out, F9 (Flyball, 9, EV 78.1 MPH)
Batting: RHB Andrelton Simmons 0-0: Called Strike
0-1: Ball
1-1: Fly out, F6 (Popup, 6S, EV 79.4 MPH)
Bottom of the 1st over - 0 runs, 1 hit, 0 errors, 1 left on base; Seattle 1 - Texas 0
TOP OF THE 2ND
Seattle Mariners batting - Pitching for Texas Rangers : LHP Jose Quintana
Batting: RHB Brandon Dixon 0-0: Ball
1-0: Swinging Strike
1-1: Swinging Strike
1-2: Strikes out looking
Batting: RHB Jordy Mercer 0-0: Swinging Strike
0-1: Ball
1-1: Swinging Strike
1-2: Strikes out swinging
Batting: LHB Brandon Nimmo 0-0: Ball
1-0: Ball
2-0: Swinging Strike
2-1: Ball
3-1: Fly out, F8 (Flyball, 8LM, EV 86.9 MPH)
Top of the 2nd over - 0 runs, 0 hits, 0 errors, 0 left on base; Seattle 1 - Texas 0
BOTTOM OF THE 2ND
Texas Rangers batting - Pitching for Seattle Mariners : LHP Sean Manaea
Batting: RHB Jose Osuna 0-0: Swinging Strike
0-1: Ball
1-1: Ball
2-1: Ball
3-1: Called Strike
3-2: Base on Balls
Batting: LHB Joc Pederson 0-0: Ball
1-0: Swinging Strike
1-1: Swinging Strike
1-2: Ball
2-2: Ball
3-2: Base on Balls
Jose Osuna to second
Batting: LHB Eric Thames 0-0: Ball
1-0: Called Strike
1-1: SINGLE (Groundball, 34D, EV 97.5 MPH)
Jose Osuna to third
Joc Pederson to second
Batting: RHB Max Stassi 0-0: Called Strike
0-1: Foul Ball, location: 2F
0-2: Ground out 4-3 (Groundball, 4S, EV 65.6 MPH)
Jose Osuna scores
Joc Pederson to third
Eric Thames to second
Batting: SHB Jeimer Candelario 0-0: Called Strike
0-1: Fly out, F7 (Flyball, 7D, EV 85.0 MPH)
Runner from 3rd tags up, SCORES, throw by LF
Eric Thames to third
Batting: LHB Ender Inciarte 0-0: Called Strike
0-1: Ground out 6-3 (Groundball, 6, EV 89.4 MPH)
Bottom of the 2nd over - 2 runs, 1 hit, 0 errors, 1 left on base; Seattle 1 - Texas 2
TOP OF THE 3RD
Seattle Mariners batting - Pitching for Texas Rangers : LHP Jose Quintana
Batting: SHB Anthony Santander 0-0: Ball
1-0: Foul Ball, location: 2F
1-1: Ball
2-1: Ball
3-1: Ground out 6-3 (Groundball, 56, EV 83.8 MPH)
Batting: RHB Manny Machado 0-0: Ball
1-0: Ground out 6-3 (Groundball, 6, EV 85.0 MPH)
Batting: RHB Brian Dozier 0-0: Foul Ball, location: 2F
0-1: Foul Ball, location: 2F
0-2: Fly out, F8 (Flyball, 8RS, EV 93.1 MPH)
Top of the 3rd over - 0 runs, 0 hits, 0 errors, 0 left on base; Seattle 1 - Texas 2
BOTTOM OF THE 3RD
Texas Rangers batting - Pitching for Seattle Mariners : LHP Sean Manaea
Batting: SHB Cesar Hernandez 0-0: Called Strike
0-1: SINGLE (Groundball, 6M, EV 91.9 MPH) (infield hit)
Batting: LHB Bryce Harper 0-0: Called Strike
0-1: Ball
1-1: Foul Ball, location: 2F
1-2: Ball
2-2: Ball
3-2: Base on Balls
Cesar Hernandez to second
Batting: RHB Andrelton Simmons 0-0: Called Strike
0-1: Called Strike
0-2: Foul Ball, location: 2F
0-2: Ball
1-2: Ball
2-2: Fly out, F4 (Line Drive, 4, EV 70.0 MPH)
Batting: RHB Jose Osuna 0-0: SINGLE (Groundball, 4D, EV 98.1 MPH)
Cesar Hernandez to third
Bryce Harper to second
Runner from 3rd tries for Home, SAFE, throw by RF to home
Batting: LHB Joc Pederson 0-0: Called Strike
0-1: Ball
1-1: Ball
2-1: Foul Ball, location: 2F
2-2: Strikes out looking
Batting: LHB Eric Thames 0-0: Ball
1-0: Called Strike
1-1: Ball
2-1: Foul Ball, location: 2F
2-2: Ball
3-2: Fly out, F8 (Flyball, 8RS, EV 90.0 MPH)
Bottom of the 3rd over - 1 run, 2 hits, 0 errors, 2 left on base; Seattle 1 - Texas 3
TOP OF THE 4TH
Seattle Mariners batting - Pitching for Texas Rangers : LHP Jose Quintana
Batting: RHB Willians Astudillo 0-0: Called Strike
0-1: Ball
1-1: Fly out, F6 (Popup, 4M, EV 72.5 MPH)
Batting: RHB Matt Kemp 0-0: Ground out 6-3 (Groundball, 6M, EV 105.0 MPH)
Batting: LHB Rowdy Tellez 0-0: Fly out, F8 (Line Drive, 8LD, EV 94.4 MPH)
Top of the 4th over - 0 runs, 0 hits, 0 errors, 0 left on base; Seattle 1 - Texas 3
BOTTOM OF THE 4TH
Texas Rangers batting - Pitching for Seattle Mariners : LHP Sean Manaea
Batting: RHB Max Stassi 0-0: Ball
1-0: Foul Ball, location: 2F
1-1: Ground out 4-3 (Groundball, 4M, EV 93.1 MPH)
Batting: SHB Jeimer Candelario 0-0: Foul Ball, location: 2F
0-1: Called Strike
0-2: Strikes out looking
Batting: LHB Ender Inciarte 0-0: Ball
1-0: Foul Ball, location: 2F
1-1: Swinging Strike
1-2: Fly out, F8 (Flyball, 8LS, EV 86.9 MPH)
Bottom of the 4th over - 0 runs, 0 hits, 0 errors, 0 left on base; Seattle 1 - Texas 3
TOP OF THE 5TH
Seattle Mariners batting - Pitching for Texas Rangers : LHP Jose Quintana
Batting: RHB Brandon Dixon 0-0: Called Strike
0-1: Swinging Strike
0-2: Ball
1-2: Ball
2-2: Strikes out swinging
Batting: RHB Jordy Mercer 0-0: Swinging Strike
0-1: Swinging Strike
0-2: Foul Ball, location: 2F
0-2: Foul Ball, location: 2F
0-2: Strikes out swinging
Batting: LHB Brandon Nimmo 0-0: Called Strike
0-1: Ball
1-1: Ball
2-1: Swinging Strike
2-2: Strikes out looking
Top of the 5th over - 0 runs, 0 hits, 0 errors, 0 left on base; Seattle 1 - Texas 3
BOTTOM OF THE 5TH
Texas Rangers batting - Pitching for Seattle Mariners : LHP Sean Manaea
Batting: SHB Cesar Hernandez 0-0: SINGLE (Flyball, 7LS, EV 93.1 MPH)
Batting: LHB Bryce Harper 0-0: Ball
1-0: Foul Ball, location: 2F
1-1: Foul Ball, location: 2F
1-2: SINGLE (Line Drive, 89S, EV 108.8 MPH)
Cesar Hernandez to second
Batting: RHB Andrelton Simmons 0-0: SINGLE (Line Drive, 78S, EV 90.6 MPH)
Cesar Hernandez to third
Bryce Harper to second
Batting: RHB Jose Osuna 0-0: Called Strike
0-1: Grounds into double play, 5-2-3 (Groundball, 56S, EV 93.1 MPH)
Bryce Harper to third
Andrelton Simmons to second
Batting: LHB Joc Pederson 0-0: Swinging Strike
0-1: Foul Ball, location: 2F
0-2: Ball
1-2: Foul Ball, location: 2F
1-2: Foul Ball, location: 2F
1-2: Ball
2-2: Fly out, F9 (Flyball, 9S, EV 84.4 MPH)
Bottom of the 5th over - 0 runs, 3 hits, 0 errors, 2 left on base; Seattle 1 - Texas 3
TOP OF THE 6TH
Seattle Mariners batting - Pitching for Texas Rangers : LHP Jose Quintana
Batting: SHB Anthony Santander 0-0: Called Strike
0-1: Hit by Pitch
Batting: RHB Manny Machado 0-0: Ball
1-0: Ball
2-0: Ball
3-0: Base on Balls
Anthony Santander to second
Batting: RHB Brian Dozier 0-0: Ball
1-0: Ball
2-0: Ball
3-0: Called Strike
3-1: Swinging Strike
3-2: Fielders Choice at 2nd, 5-4 (Groundball, 56S, EV 83.8 MPH)
Anthony Santander to third
Batting: RHB Willians Astudillo 0-0: Called Strike
0-1: DOUBLE (Line Drive, 9LS, EV 101.9 MPH)
Anthony Santander scores
Brian Dozier to third
Batting: RHB Matt Kemp 0-0: Ball
1-0: SINGLE (Line Drive, 6MD, EV 98.8 MPH)
Brian Dozier scores
Willians Astudillo to third
Batting: LHB Rowdy Tellez 0-0: Called Strike
0-1: Called Strike
0-2: Foul Ball, location: 2F
0-2: Ball
1-2: Foul Ball, location: 2F
1-2: Foul Ball, location: 2F
1-2: Ball
2-2: DOUBLE (Line Drive, 3D, EV 98.8 MPH)
Willians Astudillo scores
Matt Kemp to third
Runner from 3rd tries for Home, SAFE, throw by RF to home
Pitching: RHP Pat Neshek
Batting: RHB Brandon Dixon 0-0: Called Strike
0-1: Foul Ball, location: 2F
0-2: Ball
1-2: Ball
2-2: Ball
3-2: Strikes out swinging
Batting: RHB Jordy Mercer 0-0: Ball
1-0: Fly out, F8 (Flyball, 8LD, EV 85.0 MPH)
Top of the 6th over - 4 runs, 3 hits, 0 errors, 1 left on base; Seattle 5 - Texas 3
BOTTOM OF THE 6TH
Texas Rangers batting - Pitching for Seattle Mariners : LHP Sean Manaea
Batting: LHB Eric Thames 0-0: Ball
1-0: Called Strike
1-1: Swinging Strike
1-2: Fly out, F4 (Line Drive, 4, EV 69.4 MPH)
Batting: RHB Max Stassi 0-0: Foul Ball, location: 2F
0-1: Ball
1-1: Swinging Strike
1-2: Foul Ball, location: 2F
1-2: Ball
2-2: Strikes out swinging
Batting: SHB Jeimer Candelario 0-0: Called Strike
0-1: DOUBLE (Line Drive, 7LS, EV 106.3 MPH)
Batting: LHB Ender Inciarte 0-0: Swinging Strike
0-1: Ball
1-1: Called Strike
1-2: Ball
2-2: SINGLE (Flyball, 78M, EV 96.9 MPH) - OUT at second base trying to stretch hit.
Jeimer Candelario scores
Bottom of the 6th over - 1 run, 2 hits, 0 errors, 0 left on base; Seattle 5 - Texas 4
TOP OF THE 7TH
Seattle Mariners batting - Pitching for Texas Rangers : RHP Pat Neshek
Batting: LHB Brandon Nimmo 0-0: Ball
1-0: Ball
2-0: Ball
3-0: Base on Balls
Batting: SHB Anthony Santander 0-0: Called Strike
0-1: Ball
1-1: Swinging Strike
1-2: Strikes out swinging
Batting: RHB Manny Machado 0-0: Called Strike
0-1: Ball
1-1: SINGLE (Line Drive, 7S, EV 99.4 MPH)
Brandon Nimmo to second
Pitching: LHP Andrew Chafin
Batting: RHB Brian Dozier 0-0: Ball
1-0: Ball
2-0: Called Strike
2-1: SINGLE (Groundball, 4MD, EV 101.3 MPH)
Brandon Nimmo to third
Manny Machado to second
Pitching: RHP Ryan Burr
Batting: RHB Willians Astudillo 0-0: Called Strike
0-1: Called Strike
0-2: Strikes out swinging
Batting: RHB Matt Kemp 0-0: Called Strike
0-1: Ball
1-1: Called Strike
1-2: Ball
2-2: Strikes out swinging
Top of the 7th over - 0 runs, 2 hits, 0 errors, 3 left on base; Seattle 5 - Texas 4
BOTTOM OF THE 7TH
Texas Rangers batting - Pitching for Seattle Mariners : LHP Sean Manaea
Pitching: RHP Arquimedes Caminero
Batting: SHB Cesar Hernandez 0-0: Foul Ball, location: 2F
0-1: Ball
1-1: Called Strike
1-2: Foul Ball, location: 2F
1-2: Fly out, F5 (Popup, 56S, EV 83.8 MPH)
Pitching: LHP Zach Duke
Batting: LHB Bryce Harper 0-0: Called Strike
0-1: SINGLE (Line Drive, 78S, EV 97.5 MPH)
Pitching: RHP Emilio Pagan
Pinch Hitting: LHB Max Muncy 0-0: Called Strike
0-1: Swinging Strike
0-2: Strikes out swinging
Batting: RHB Jose Osuna 0-0: Foul Ball, location: 2F
0-1: Swinging Strike
0-2: Foul Ball, location: 2F
0-2: Foul Ball, location: 2F
0-2: Foul Ball, location: 2F
0-2: SINGLE (Flyball, 78S, EV 96.9 MPH)
Bryce Harper to second
Batting: LHB Joc Pederson 0-0: Ball
1-0: Called Strike
1-1: Foul Ball, location: 2F
1-2: Foul Ball, location: 2F
1-2: Strikes out swinging
Bottom of the 7th over - 0 runs, 2 hits, 0 errors, 2 left on base; Seattle 5 - Texas 4
TOP OF THE 8TH
Seattle Mariners batting - Pitching for Texas Rangers : RHP Ryan Burr
Now at SS: Luis Guillorme
Batting: LHB Rowdy Tellez 0-0: Foul Ball, location: 2F
0-1: Ball
1-1: Called Strike
1-2: Strikes out swinging
Batting: RHB Brandon Dixon 0-0: Called Strike
0-1: Ball
1-1: Foul Ball, location: 2F
1-2: Ball
2-2: Ball
3-2: Fly out, F4 (Popup, 34D, EV 58.1 MPH)
Batting: RHB Jordy Mercer 0-0: Ball
1-0: Fly out, F8 (Line Drive, 8LD, EV 103.8 MPH)
Top of the 8th over - 0 runs, 0 hits, 0 errors, 0 left on base; Seattle 5 - Texas 4
BOTTOM OF THE 8TH
Texas Rangers batting - Pitching for Seattle Mariners : RHP Emilio Pagan
Pitching: RHP Wily Peralta
Batting: LHB Eric Thames 0-0: Foul Ball, location: 2F
0-1: Swinging Strike
0-2: Fly out, F9 (Flyball, 9S, EV 79.4 MPH)
Batting: RHB Max Stassi 0-0: Ball
1-0: Called Strike
1-1: Called Strike
1-2: Fly out, F8 (Flyball, 8LXD, EV 91.9 MPH)
Batting: SHB Jeimer Candelario 0-0: Ball
1-0: Foul Ball, location: 2F
1-1: Foul Ball, location: 2F
1-2: Ball
2-2: Strikes out swinging
Bottom of the 8th over - 0 runs, 0 hits, 0 errors, 0 left on base; Seattle 5 - Texas 4
TOP OF THE 9TH
Seattle Mariners batting - Pitching for Texas Rangers : RHP Ryan Burr
Pitching: RHP Reyes Moronta
Batting: LHB Brandon Nimmo 0-0: Ball
1-0: Swinging Strike
1-1: Ball
2-1: Ball
3-1: Foul Ball, location: 2F
3-2: Base on Balls
Batting: SHB Anthony Santander 0-0: Called Strike
0-1: Ball
1-1: Sac Bunt to 25 - play at first, batter OUT! 5-4
Brandon Nimmo to second
Batting: RHB Manny Machado 0-0: Intentional Walk
Batting: RHB Brian Dozier 0-0: Ball
1-0: Called Strike
1-1: Ball
2-1: Swinging Strike
2-2: Foul Ball, location: 2F
2-2: Ball
3-2: Strikes out swinging
Batting: RHB Willians Astudillo 0-0: Called Strike
0-1: Fly out, F9 (Flyball, 9D, EV 100.0 MPH)
Top of the 9th over - 0 runs, 0 hits, 0 errors, 2 left on base; Seattle 5 - Texas 4
BOTTOM OF THE 9TH
Texas Rangers batting - Pitching for Seattle Mariners : RHP Wily Peralta
Pitching: LHP Brad Hand
Batting: LHB Ender Inciarte 0-0: Ground out 5-3 (Groundball, 5, EV 88.8 MPH)
Batting: SHB Cesar Hernandez 0-0: Called Strike
0-1: Foul Ball, location: 2F
0-2: Strikes out swinging
Batting: LHB Bryce Harper 0-0: Ground out U3 (Groundball, 3L, EV 85.6 MPH)
Bottom of the 9th over - 0 runs, 0 hits, 0 errors, 0 left on base; Seattle 5 - Texas 4
Friday, December 6th, 2019 - OOTP Baseball 20.8 Build 73